Map: Rhoskallian LE

Players

Massa

  • Race: Terran Terran
  • League: Platinum
  • Spawn Location: 11:00

qqq

  • Race: Zerg Zerg
  • Spawn Location: 12:00

FanTaSäuFeR - Winner!

  • Race: Terran Terran
  • Spawn Location: 6:00

madmosquito - Winner!

  • Race: Protoss Protoss
  • League: Master
  • Spawn Location: 5:00

VOD

Have the link to the VOD?

Description

Time

  • Played on: March 21, 2021, 2:19 p.m.
  • Length: 13:32
Show
View Real Time Build Order
Export as new Build Order

Massa Terran 

Build Orders: 2 Factory, Gas First Reaper Expand 

Get SALT Encoding   

  12  0:01  SCV  
  13  0:13  SCV  
  14  0:23  Supply Depot  
  14  0:25  SCV  
  15  0:30  Refinery  
  15  0:45  SCV  
  15  0:46  Barracks  
  17  0:57  SCV  
  17  1:09  SCV  
  18  1:21  SCV  
  19  1:33  Reaper  
  19  1:35  Orbital Command  
  20  1:49  Command Center  
  20  2:07  Supply Depot  
  20  2:08  Factory  
  20  2:11  SCV  
  21  2:17  Barracks Tech Lab  
  21  2:37  Factory  
  21  2:42  SCV  
  22  2:58  SCV  
  23  3:01  Barracks Tech Lab  
  23  3:02  Orbital Command  
  23  3:05  Refinery  
  23  3:10  SCV  
  23  3:11  Refinery  
  24  3:14  Refinery  
  24  3:21  Cyclone  
  24  3:22  SCV  
  28  3:35  SCV x2  
  30  3:43  Cyclone  
  30  3:47  SCV x2  
  35  3:53  Engineering Bay  
  35  3:59  Cyclone, SCV  
  39  4:07  Supply Depot  
  39  4:10  SCV  
  39  4:11  SCV  
  39  4:13  Barracks Tech Lab  
  41  4:18  Starport  
  34  4:59  SCV x2  
  36  5:03  Siege Tank x2  
  42  5:11  SCV x2  
  44  5:14  Barracks Tech Lab, Barracks  
  44  5:16  Barracks, Terran Infantry Weapons Level 1  
  44  5:17  Supply Depot  
  44  5:19  Supply Depot  
  44  5:23  SCV, Supply Depot  
  44  5:28  Raven  
  47  5:32  SCV  
  48  5:39  Marine  
  48  5:41  Supply Depot, Stimpack  
  49  5:52  SCV  
  49  5:53  SCV  
  49  5:56  Widow Mine  
  55  5:57  Widow Mine  
  55  5:59  Marine  
  55  6:03  Barracks Reactor, Barracks Tech Lab  
  56  6:10  Barracks  
  56  6:11  Raven  
  58  6:17  Marauder  
  64  6:18  Widow Mine x2  
  64  6:24  Armory  
  64  6:32  Corvid Reactor  
  64  6:35  Combat Shield  
  64  6:36  Marine  
  64  6:38  Marine  
  64  6:39  Marine x2  
  68  6:45  Supply Depot  
  68  6:46  Missile Turret  
  68  6:54  Marine  
  68  6:56  Marine x3  
  68  7:00  Viking  
  74  7:12  Marine  
  50  7:30  Marine x2  
  50  7:31  Marauder x2, Marine  
  50  7:36  Siege Tank x2  
  59  7:39  Raven  
  61  7:44  Concussive Shells  
  61  7:48  Marine x2  
  64  7:52  SCV x2  
  64  7:56  Barracks Reactor  
  65  8:00  Terran Infantry Armor Level 1  
  65  8:04  SCV  
  65  8:05  SCV, Engineering Bay  
  67  8:14  Marauder  
  67  8:15  Marauder, Marine x2  
  73  8:28  Command Center  
  72  8:42  Marauder x2, Marine x4  
  80  8:57  Raven  
  80  8:59  Command Center  
  80  9:00  Marine  
  82  9:03  Marauder  
  75  9:30  Marauder x2, Marine  
  75  9:33  Marine x3  
  75  9:35  SCV x2  
  77  9:39  Raven  
  79  9:47  SCV x2, Siege Tank x2  
  79  9:48  Marine  
  79  9:50  Marine x2  
  79  9:51  Marauder  
  94  9:53  Marauder  
  94  10:03  Marine  
  94  10:04  SCV x2  
  94  10:06  Marine  
  85  10:08  Marine  
  85  10:13  Marauder  
  82  10:15  Marauder  
  82  10:19  Siege Tank x2  
  82  10:20  Planetary Fortress  
  90  10:22  SCV x2  
  92  10:34  SCV, Marauder  
  92  10:35  SCV  
  96  10:36  Marauder  
  96  10:38  Sensor Tower  
  98  10:47  Marine x3  
  98  10:48  Marine  
  102  10:53  Supply Depot x2  
  102  10:55  Marauder, Supply Depot  
  102  10:56  Terran Infantry Weapons Level 2, Supply Depot  
  104  10:57  Marauder  
  104  10:58  Supply Depot  
  104  11:03  Siege Tank  
  109  11:14  Marine  
  109  11:15  Widow Mine  
  80  11:27  Marauder x2, Marine x3  
  80  11:32  Marine  
  81  11:45  Marine x2  
  78  11:48  Marauder  
  78  11:49  Marauder  
  79  11:55  Marine  
  79  11:56  SCV, Marine  
  79  11:57  SCV x2  
  84  12:03  Marine  
  84  12:06  Siege Tank x2  
  91  12:09  SCV x3, Viking  
  91  12:10  Marauder  
  98  12:17  Starport  
  98  12:18  Refinery x2  
  98  12:21  SCV  
  99  12:39  Viking  
  101  12:54  Marauder x2  
  101  12:56  Marine x4  
  101  12:58  Siege Tank x2  
Show
View Real Time Build Order
Export as new Build Order

qqq Zerg 

Build Orders: Hatch First, Brood Lord Corruptor 

Get SALT Encoding   

  12  0:01  Drone  
  13  0:08  Drone  
  14  0:19  Overlord  
  14  0:47  Hatchery  
  13  0:52  Drone  
  13  0:53  Drone  
  13  0:56  Drone  
  16  1:04  Overlord  
  16  1:24  Spawning Pool  
  16  1:25  Extractor  
  14  1:38  Drone  
  14  1:39  Drone x2  
  17  1:53  Drone  
  18  2:00  Drone  
  20  2:01  Drone  
  20  2:11  Queen  
  21  2:16  Queen  
  23  2:32  Drone x2  
  23  2:33  Drone, Overlord  
  26  2:38  Metabolic Boost  
  26  2:49  Drone, Zergling x4  
  29  2:52  Drone  
  29  2:56  Overlord  
  30  3:00  Drone  
  30  3:05  Drone x2  
  33  3:13  Evolution Chamber  
  33  3:17  Zergling x2  
  33  3:18  Drone  
  34  3:25  Drone x3  
  34  3:26  Drone  
  38  3:27  Drone  
  38  3:30  Zergling x2  
  40  3:36  Drone  
  41  3:50  Hatchery  
  41  3:55  Zergling x8  
  44  3:56  Zergling x2  
  44  3:57  Zergling x2  
  45  4:08  Zergling x2  
  45  4:09  Drone, Zergling x4  
  48  4:12  Zerg Melee Weapons Level 1  
  48  4:14  Lair  
  47  4:29  Zergling x6  
  50  4:36  Spore Crawler  
  50  4:38  Spine Crawler, Spore Crawler  
  47  4:46  Drone  
  47  4:47  Drone, Zergling x4  
  47  4:48  Overlord x3  
  48  5:02  Drone x2  
  50  5:13  Drone x4  
  54  5:14  Infestation Pit  
  54  5:19  Extractor  
  52  5:21  Queen  
  52  5:23  Drone x2  
  55  5:42  Zergling x4  
  57  5:43  Drone, Zergling x4  
  57  5:49  Hatchery  
  59  5:50  Spire  
  58  5:57  Extractor  
  57  6:04  Drone x3  
  57  6:05  Drone x3  
  57  6:08  Extractor  
  62  6:12  Hive  
  62  6:18  Drone x2  
  62  6:20  Drone x5  
  62  6:23  Zergling x4  
  62  6:24  Drone  
  72  6:26  Overlord  
  72  6:31  Spine Crawler  
  71  6:40  Zergling x6  
  71  6:42  Overlord  
  71  6:43  Overlord  
  54  7:16  Zergling x10  
  54  7:17  Hatchery, Zergling x16  
  54  7:18  Zergling x6  
  69  7:23  Greater Spire  
  69  7:24  Zergling x2  
  70  7:43  Spine Crawler  
  70  7:44  Spine Crawler  
  68  7:47  Corruptor x4  
  68  7:48  Corruptor x2  
  80  7:53  Corruptor  
  82  8:00  Overlord  
  82  8:02  Corruptor  
  84  8:18  Drone x3  
  87  8:20  Drone x4  
  87  8:24  Corruptor x2  
  95  8:48  Brood Lord x2  
  95  8:49  Brood Lord  
  95  8:54  Extractor x2  
  96  8:58  Drone x5, Zergling x2  
  96  8:59  Zergling x14  
  95  9:20  Brood Lord x2  
  99  9:25  Drone, Zergling x8  
  99  9:26  Drone x5  
  106  9:36  Brood Lord  
  105  9:48  Drone x2, Zergling x10  
  92  10:16  Corruptor x3  
  92  10:21  Corruptor x2, Zerg Flyer Weapons Level 1, Baneling Nest  
  93  10:47  Brood Lord x2  
  93  10:48  Brood Lord  
  100  10:50  Drone x7  
  100  10:51  Drone x5  
  100  10:53  Overlord  
  100  10:54  Extractor x2  
  100  10:55  Overlord  
  109  11:01  Hatchery  
  108  11:04  Brood Lord  
  108  11:08  Baneling x3  
  108  11:09  Baneling x5  
  102  11:30  Zergling x16  
  100  11:35  Zergling x10  
  105  11:41  Brood Lord x3  
  105  11:44  Corruptor  
  105  11:45  Zergling x10  
  114  11:56  Corruptor x2  
  118  12:06  Drone x5  
  123  12:15  Brood Lord, Corruptor  
  125  12:19  Hatchery  
  126  12:23  Spore Crawler  
  126  12:25  Spine Crawler  
  124  12:49  Overlord  
  124  12:50  Overlord x3  
  114  13:02  Baneling x2  
  114  13:03  Baneling x3  
  120  13:06  Overlord x3  
Show
View Real Time Build Order
Export as new Build Order

FanTaSäuFeR Terran - Winner!

Build Orders: Reaper Expand 

Get SALT Encoding   

  12  0:00  SCV  
  13  0:12  SCV  
  14  0:18  Supply Depot  
  14  0:28  SCV  
  15  0:40  SCV  
  15  0:41  Barracks  
  16  0:45  Refinery  
  16  0:52  SCV  
  17  1:04  SCV  
  18  1:16  SCV  
  19  1:29  Reaper, Orbital Command  
  20  1:47  Command Center  
  20  1:51  Supply Depot  
  20  1:56  SCV  
  20  2:00  Marine  
  22  2:07  Factory  
  22  2:10  SCV  
  23  2:21  Refinery, Barracks Reactor  
  23  2:22  SCV  
  24  2:35  SCV  
  25  2:47  SCV  
  26  2:52  Bunker  
  26  2:55  Hellion  
  26  2:57  Starport  
  28  2:59  Orbital Command  
  28  3:02  SCV  
  29  3:06  Marine x2  
  31  3:14  SCV  
  31  3:17  Hellion  
  34  3:26  SCV x2  
  36  3:30  Supply Depot  
  36  3:35  Medivac  
  36  3:38  SCV x2  
  36  3:41  Hellion  
  42  3:50  SCV  
  42  3:51  SCV  
  44  3:57  Supply Depot  
  44  4:03  SCV  
  44  4:05  Factory Tech Lab  
  44  4:09  Marine  
  45  4:10  Marine  
  45  4:14  SCV  
  48  4:18  Command Center  
  48  4:28  Marine x2  
  48  4:29  Siege Tank  
  53  4:39  SCV  
  53  4:43  Barracks  
  54  4:45  Barracks  
  54  4:51  Marine x2  
  54  4:52  Starport Tech Lab  
  56  4:54  SCV  
  56  4:55  Engineering Bay  
  56  4:56  Refinery  
  55  5:04  SCV  
  55  5:06  SCV  
  55  5:07  Supply Depot  
  57  5:12  Raven, Marine x2  
  61  5:16  SCV  
  62  5:24  Terran Infantry Weapons Level 1  
  67  5:28  SCV x2, Siege Tank  
  67  5:40  Barracks Tech Lab, SCV x2  
  67  5:41  Barracks Reactor  
  69  5:43  Barracks  
  69  5:46  Barracks  
  69  5:52  SCV  
  70  6:02  Marine  
  70  6:03  Marine x2, Siege Tank  
  76  6:05  Raven  
  76  6:08  SCV x2  
  80  6:11  Refinery  
  80  6:14  Supply Depot  
  80  6:16  Barracks  
  80  6:18  Barracks  
  80  6:20  SCV, Marine  
  80  6:21  SCV  
  80  6:23  Orbital Command  
  83  6:28  Marine x2  
  83  6:31  Stimpack  
  85  6:34  Barracks Reactor  
  85  6:35  SCV x2, Marine x2, Supply Depot  
  85  6:38  Marine  
  90  6:47  SCV x2  
  90  6:52  Marine  
  93  6:56  Marine x2  
  93  6:58  Marine x2  
  93  7:00  SCV  
  86  7:19  Marine  
  86  7:20  Marine x3  
  86  7:21  Marine  
  77  7:23  Marine x4  
  79  7:34  SCV  
  79  7:35  Terran Infantry Armor Level 1, Starport Reactor  
  79  7:37  Marine  
  79  7:38  Marine, Barracks, Engineering Bay, SCV  
  79  7:39  Barracks  
  79  7:40  SCV, Armory  
  84  7:45  Command Center  
  84  7:46  SCV  
  84  7:47  Marine x3, Supply Depot  
  84  7:48  Combat Shield  
  84  7:51  SCV  
  88  7:52  SCV  
  88  7:54  Marine  
  88  7:55  Marine x2  
  88  7:56  Marine  
  94  7:58  SCV  
  94  8:01  Barracks Reactor, Supply Depot x2  
  94  8:03  SCV, Medivac x2  
  94  8:04  SCV  
  101  8:09  Marine x2  
  101  8:12  Barracks Reactor x2  
  102  8:15  SCV x2  
  102  8:17  Supply Depot  
  102  8:18  SCV, Supply Depot  
  105  8:22  Siege Tank  
  105  8:26  Supply Depot  
  108  8:27  SCV x2  
  108  8:29  Marine x4  
  108  8:30  SCV  
  108  8:32  Barracks Reactor x2  
  115  8:34  Terran Vehicle Weapons Level 1  
  115  8:35  Terran Infantry Weapons Level 2  
  115  8:39  SCV  
  116  8:43  SCV  
  116  8:45  Marine  
  116  8:46  Marine x3  
  122  8:48  SCV  
  122  8:51  Marine x5  
  127  8:55  Starport  
  122  9:08  Marine x6  
  101  9:14  Marine x5  
  101  9:17  Marine x5  
  102  9:18  Siege Tank  
  102  9:19  SCV  
  102  9:20  SCV  
  111  9:26  Marine x5  
  113  9:33  Marine x4  
  113  9:34  Medivac  
  113  9:35  Medivac  
  113  9:36  SCV  
  122  9:39  Marine x4  
  122  9:40  Marine x3  
  122  9:41  SCV  
  130  9:49  Starport Reactor  
  130  9:50  SCV x2  
  130  9:51  Supply Depot  
  132  9:55  Marine  
  132  9:56  Marine x8  
  132  9:57  Marine x3  
  132  9:58  SCV  
  135  10:17  Marine x15  
  135  10:18  Siege Tank  
  135  10:21  Terran Infantry Armor Level 2  
  153  10:25  Orbital Command  
  153  10:34  Medivac x4  
  161  10:37  SCV  
  161  10:39  SCV x2  
  161  10:40  Marine x5  
  161  10:42  Terran Vehicle Weapons Level 2  
  169  10:49  SCV  
  170  10:51  Command Center  
  170  10:54  SCV x2  
  172  11:16  Marine x3  
  172  11:17  Marine x3  
  139  11:27  Marine x10  
  139  11:28  Medivac x2, Siege Tank  
  130  11:33  Marine x2  
  130  11:37  Marine x2  
  130  11:38  Marine x2, Medivac  
  130  11:39  Medivac  
  130  11:45  Marine x4  
  134  11:48  SCV x4, Marine x3  
  134  11:49  Marine x2  
  134  11:52  Barracks  
  143  11:54  Barracks, Marine x2  
  143  11:55  Marine x2  
  143  11:57  Barracks x2  
  143  12:00  SCV x3  
  150  12:03  Marine x6  
  150  12:04  Medivac x2, Siege Tank  
  163  12:09  Marine  
  163  12:10  Marine x3  
  167  12:23  SCV, Barracks x2  
  167  12:26  Barracks x2  
  168  12:30  Marine x9  
  168  12:31  Marine x3  
  168  12:35  Supply Depot  
  168  12:36  Supply Depot  
  179  12:39  Marine x3  
  182  12:45  Marine  
  182  12:46  Medivac x2  
  187  12:53  Marine  
  187  12:56  Marine x4, Medivac x2  
  187  12:57  Marine x4  
  199  13:07  Marine  
  181  13:14  Marine  
  168  13:24  Barracks Reactor x2  
Show
View Real Time Build Order
Export as new Build Order

madmosquito Protoss - Winner!

Build Orders: 1 Gate Expand 

Get SALT Encoding   

  12  0:03  Probe  
  13  0:15  Probe  
  14  0:27  Probe  
  15  0:29  Pylon  
  15  0:47  Probe, Gateway  
  16  0:59  Probe  
  17  1:11  Probe  
  18  1:18  Nexus  
  18  1:33  Probe  
  18  1:39  Cybernetics Core  
  19  1:40  Assimilator  
  19  1:42  Assimilator  
  19  1:55  Forge  
  19  2:01  Probe  
  20  2:14  Probe  
  21  2:18  Pylon  
  21  2:26  Probe  
  22  2:32  Probe  
  23  2:38  Probe  
  24  2:50  Shield Battery  
  24  2:51  Photon Cannon  
  24  2:57  Pylon  
  24  2:59  Probe x2, Stalker (Chrono Boost)  
  28  3:11  Probe x2  
  30  3:23  Probe x2  
  30  3:26  Pylon, Stalker (Chrono Boost)  
  34  3:35  Probe x2  
  36  3:44  Twilight Council  
  36  3:47  Probe  
  37  3:50  Probe  
  38  3:57  Stalker  
  38  3:59  Probe  
  38  4:02  Probe  
  42  4:11  Probe  
  42  4:14  Probe  
  42  4:15  Blink (Chrono Boost)  
  44  4:31  Templar Archives  
  44  4:51  Stalker  
  46  4:55  Pylon  
  46  4:58  Warp Gate  
  46  5:00  Gateway  
  46  5:02  Pylon x2  
  46  5:03  Probe x2  
  46  5:04  Pylon  
  48  5:10  Assimilator  
  48  5:11  Assimilator  
  48  5:15  Probe x2  
  50  5:22  Photon Cannon  
  50  5:24  Nexus  
  50  5:27  Probe  
  51  5:34  Stalker  
  53  5:42  Gateway  
  53  5:45  Gateway  
  53  6:02  Charge (Chrono Boost)  
  53  6:07  Pylon  
  53  6:12  Robotics Facility  
  53  6:14  Pylon  
  53  6:18  Probe x2  
  55  6:20  Pylon  
  55  6:24  Pylon  
  55  6:30  Probe  
  56  6:47  Stalker x4  
  56  6:50  Photon Cannon  
  56  6:51  Photon Cannon x2  
  56  6:53  Probe x2  
  56  6:54  Pylon x2  
  66  7:05  Probe  
  57  7:39  Stalker x2  
  57  7:40  Stalker x2  
  57  7:41  Protoss Shields Level 1  
  65  7:44  Probe x2  
  65  7:47  Assimilator  
  65  7:51  Assimilator  
  67  7:55  Observer (Chrono Boost)  
  68  7:58  Robotics Bay  
  68  8:01  Nexus  
  68  8:05  Assimilator  
  68  8:09  Assimilator  
  68  8:13  Pylon, Stalker x4  
  68  8:18  Pylon  
  70  8:55  Colossus (Chrono Boost)  
  70  8:56  Stalker x4  
  70  9:00  Psionic Storm  
  69  9:50  Stalker  
  69  9:51  Stalker x3  
  77  9:56  Gateway  
  77  10:18  Stalker x2  
  77  10:19  Stalker x2  
  85  10:26  Forge x2  
  85  10:27  Probe x3  
  88  10:30  Protoss Ground Weapons Level 1 (Chrono Boost)  
  88  10:33  Photon Cannon  
  88  10:38  Probe  
  88  10:39  Probe x3, Photon Cannon  
  88  10:42  Stalker x2  
  94  10:43  Stalker x2  
  94  10:45  Extended Thermal Lance  
  94  10:49  Observer  
  101  10:51  Probe  
  100  10:57  Protoss Shields Level 2 (Chrono Boost), Protoss Ground Armor Level 1 (Chrono Boost)  
  98  11:07  Pylon  
  98  11:08  Pylon, Stalker x2  
  98  11:09  Pylon, Stalker x2  
  98  11:10  Observer  
  107  11:13  Pylon  
  107  11:31  Observer  
  70  11:56  Stalker  
  70  11:57  Stalker x4  
  78  12:07  Stargate  
  78  12:10  Stargate  
  78  12:12  Probe x2  
  80  12:25  Gravitic Boosters  
  80  12:27  Stalker x2  
  80  12:28  Stalker x2  
  80  12:29  Stalker  
  90  12:32  Nexus  
  90  12:39  Probe x2 (Chrono Boost)  
  90  12:41  Probe (Chrono Boost)  
  94  12:46  Probe (Chrono Boost)  
  94  12:50  Probe x2 (Chrono Boost)  
  97  12:53  Probe (Chrono Boost)  
  97  12:55  Probe (Chrono Boost)  
  97  12:56  Probe x2 (Chrono Boost)  
  99  13:00  Pylon  
  99  13:01  Probe  
  99  13:05  Probe, High Templar x4  
  106  13:06  High Templar  
Tags
 
Add a new tag
Caveats
  • Supply blocks, unpowered buildings, or Contaminate may cause inaccurate times.
  • Supply counts are checked every 10 seconds.